 Dungeon Crawl Stone Soup version 0.21.1-1-g345015f (console) character file.

93 fly the Grave Robber (level 4, -2/36 HPs)
             Began as a Deep Dwarf Necromancer on May 22, 2018.
             Slain by an ogre
             ... wielding a +0 giant spiked club
              (22 damage)
             ... on level 2 of the Dungeon.
             The game lasted 00:05:11 (1879 turns).

fly the Grave Robber (Deep Dwarf Necromancer)       Turns: 1879, Time: 00:05:12

Health: -2/36      AC:  2    Str: 12    XL:     4   Next: 36%
Magic:  0/8        EV: 12    Int: 14    God:
Gold:   81         SH:  0    Dex: 13    Spells: 5/9 levels left

rFire    . . .     SeeInvis .   (no weapon)
rCold    . . .     Gourm    .   (no shield)
rNeg     . . .     Faith    .   y - +0 robe
rPois    .         Spirit   .   (no helmet)
rElec    .         Reflect  .   (no cloak)
rCorr    .         Harm     .   (no gloves)
MR       .....                  (no boots)
Stlth    ++........             (no amulet)
HPRegen  0.00/turn              d - -2 ring of intelligence (curse)
MPRegen  0.11/turn              (no ring)

@: non-regenerating
A: damage resistance, heal wounds, sense surroundings 1, no regeneration
a: Heal Wounds


You were on level 2 of the Dungeon.
You were not hungry.

You visited 1 branch of the dungeon, and saw 2 of its levels.

You collected 81 gold pieces.

Inventory:

Armour
 y - a +0 robe (worn)
Jewellery
 d - a cursed -2 ring of intelligence (left hand)
Scrolls
 a - 3 scrolls of enchant armour {unknown}
 e - a scroll of identify {unknown}
 g - 5 scrolls of teleportation {unknown}
Potions
 f - a potion of flight {unknown}
 i - a potion of haste {unknown}
Books
 b - a book of Necromancy

   Spells                             Type                      Level
   a - Pain                           Necromancy                   1
   b - Animate Skeleton               Necromancy                   1
   c - Vampiric Draining              Necromancy                   3
   d - Regeneration                   Charms/Necromancy            3
   e - Animate Dead                   Necromancy                   4
   f - Borgnjor's Vile Clutch         Necromancy/Earth             5
Comestibles
 c - 7 rations
 h - 3 chunks of flesh


   Skills:
 - Level 2.1 Dodging
 - Level 2.4 Stealth
 - Level 3.0 Spellcasting
 + Level 5.5 Necromancy


You had 5 spell levels left.
You knew the following spells:

 Your Spells              Type           Power        Failure   Level  Hunger
v - Vampiric Draining     Necr           ###.......   6%          3    ###....
z - Pain                  Necr           ###.         2%          1    #......


Dungeon Overview and Level Annotations

Branches:
Dungeon (2/15)

Altars:


Innate Abilities, Weirdness & Mutations

You are resistant to damage.
You can heal yourself by infusing magical energy.
You passively map a small area around you.
You do not regenerate.


Message History

The ogre is moderately wounded.
You feel life coursing into your body. The ogre misses you.
Casting: Vampiric Draining
Confirm with . or Enter, or press ? or * to list all spells.
Aiming: Vampiric Draining
Press: ? - help, Shift-Dir - straight line, f/p - ogre
Aim: an ogre, wielding a giant spiked club (moderately wounded)
The ogre is heavily wounded.
You feel life coursing into your body. The ogre barely misses you.
Unknown command.
Casting: Vampiric Draining
Confirm with . or Enter, or press ? or * to list all spells.
Aiming: Vampiric Draining
Press: ? - help, Shift-Dir - straight line, f/p - ogre
Aim: an ogre, wielding a giant spiked club (moderately wounded)
The ogre is severely wounded.
You feel life coursing into your body.
The ogre hits you with a giant spiked club!!
Ouch! That really hurt!
You die...

......# #...#
......# ##..##
......# #...#
......# ##..#
......# #..##
......# ##..#
......# #..#
......###########..#
.##...........gO@.>#
##.#################
##<...# ......#
......# #.....#
......# #######


You could see an ogre and a goblin.

Vanquished Creatures
  A hound skeleton (D:2)
  A gnoll (D:1)
  An adder (D:2)
  2 worms
  2 dart slugs (D:1)
  A leopard gecko (D:1)
  3 giant cockroaches
  5 goblins
  9 hobgoblins
  3 jackals (D:1)
  A quokka (D:2)
  2 ball pythons
  5 bats
  8 kobolds
  4 rats (D:1)
48 creatures vanquished.

Notes
Turn   | Place    | Note
-------+----------+-------------------------------------------
     0 | D:1      | fly the Deep Dwarf Necromancer began the quest for the Orb.
     0 | D:1      | Reached XP level 1. HP: 15/15 MP: 3/3
   180 | D:1      | Reached XP level 2. HP: 13/22 MP: 0/5
   591 | D:1      | Reached XP level 3. HP: 15/28 MP: 0/7
  1202 | D:1      | Learned a level 3 spell: Vampiric Draining
  1390 | D:2      | Reached skill level 5 in Necromancy
  1616 | D:2      | Reached XP level 4. HP: 32/36 MP: 4/8
  1839 | D:2      | Noticed an ogre
  1879 | D:2      | Slain by an ogre

Skill      XL: |  1  2  3 |
---------------+----------+-----
Spellcasting   | 2 3 |  3.0
Necromancy     | 5 |  5.5
Dodging        | |  2.1
Stealth        | |  2.4

Action                   |  1- 3 |  4- 6 || total
-------------------------+-------+-------++-------
Melee: Unarmed           |    12 |    57 ||    69
 Cast: Pain              |    73 |     8 ||    81
       Vampiric Draining |     6 |     6 ||    12
  Eat: Chunk             |     4 |     1 ||     5
Armor: Robe              |     6 |     5 ||    11
Dodge: Dodged            |    19 |    46 ||    65
